AoeStats
← glenjerman878

Arabia

509716839Analyzed
1v1 RM · 6d ago on Sep 27, 2026· 31m 19s· 2 players
Game mode
Random Map
Map size
Tiny (2 player)
Population
200
Speed
Normal
Resources
Standard
Victory
Conquest
Starting age
Dark Age
Ending age
Imperial Age
RankedLock teamsTeams togetherTeam positionsShared explorationLock speedFull tech treeHidden civsTurbo modeCheats
Victory
Defeat
🇺🇸 Lithuanians · United States
1115
+17
🇫🇷 Persians · France
1136
-17
glenjerman878
9:58 Feudal Age
8:50 Loom
10:40 Double-Bit Axe
14:01 Horse Collar
21:13 Castle Age
20:59 Scale Barding Armor
21:06 Bloodlines
22:18 Heavy Plow
22:36 Bow Saw
22:50 Scale Mail Armor
22:48 Pikeman
23:31 Gold Mining
25:32 Forging
29:05 Wheelbarrow
29:00 Sanctity
30:36 Redemption
Guizz
6:28 Loom
9:19 Feudal Age
12:02 Horse Collar
21:37 Castle Age
20:15 Gold Mining
21:00 Scale Barding Armor
21:34 Bloodlines
21:56 Forging
21:59 Double-Bit Axe
23:07 Bow Saw
25:13 Husbandry
26:22 Gold Shaft Mining
28:59 Wheelbarrow
29:27 Stone Mining
31:24 Chain Barding Armor
Connection lost

Rejoining the realm…

Still unreachable

The connection could not be restored.

Session expired

The server has moved on; the page needs a fresh start.